 Dungeon Crawl Stone Soup version 0.22.1-5-g62c59d919a (webtiles) character file.

6352 NochnoyZador the Grappler (level 10, -8/96 HPs)
             Began as a Troll Fighter on Jan 13, 2019.
             Was a Follower of Dithmenos.
             Mangled by a seven-headed hydra (9 damage)
             ... on level 8 of the Dungeon.
             The game lasted 00:27:40 (6912 turns).

NochnoyZador the Grappler (Troll Fighter)           Turns: 6912, Time: 00:27:40

Health: -8/96      AC:  6    Str: 26    XL:     10   Next: 65%
Magic:  9/9        EV: 17    Int:  4    God:    Dithmenos [*.....]
Gold:   446        SH:  0    Dex: 12    Spells: 9/9 levels left

rFire    . . .     SeeInvis .   L - +1 quarterstaff (speed)
rCold    . . .     Gourm    +   (shield currently unavailable)
rNeg     . . .     Faith    .   a - +0 robe
rPois    .         Spirit   .   (helmet restricted)
rElec    .         Reflect  .   G - +0 cloak
rCorr    .         Harm     .   (gloves unavailable)
MR       .....                  (boots unavailable)
Stlth    ++........             (no amulet)
HPRegen  0.66/turn              x - +5 ring of evasion
MPRegen  0.11/turn              (no ring)

@: wreathed by umbra
A: large, unfitting armour, claws 3, fast metabolism 3, gourmand, regeneration
1, shaggy fur 1, tough skin 2
a: Renounce Religion


You were on level 8 of the Dungeon.
You worshipped Dithmenos.
Dithmenos was aware of your devotion.
You were full.

You visited 2 branches of the dungeon, and saw 9 of its levels.

You collected 446 gold pieces.

Inventory:

Hand Weapons
 y - a +0 giant spiked club
 K - a +0 hunting sling
 L - a +1 quarterstaff of speed (weapon)
Missiles
 e - 234 stones
 m - 48 sling bullets
 q - 2 large rocks (quivered)
Armour
 a - a +0 robe (worn)
 b - a +5 shield
 r - a +0 large shield
 G - a +0 cloak (worn)
Jewellery
 x - a +5 ring of evasion (left claw)
 B - an uncursed amulet of magic regeneration
 D - an uncursed ring of ice
Wands
 s - a wand of polymorph (19)
 t - a wand of flame (14)
Scrolls
 f - 3 scrolls of amnesia {unknown}
 g - 3 scrolls of enchant weapon
 h - a scroll of immolation {unknown}
 j - 3 scrolls of fear
 n - 2 scrolls of identify
 p - 2 scrolls of magic mapping
 u - a scroll of teleportation {unknown}
 v - a scroll of fog {unknown}
 E - 3 scrolls of remove curse
 H - a scroll of random uselessness {unknown}
 I - a scroll of noise {unknown}
 M - a scroll of vulnerability {unknown}
Potions
 c - 2 potions of might
 i - 2 potions of brilliance {unknown}
 k - 2 potions of agility
 l - a potion of lignification {unknown}
 o - 4 potions of magic {unknown}
 w - a potion of flight {unknown}
 z - 2 potions of invisibility {unknown}
 A - a potion of heal wounds
 C - 2 potions of mutation {unknown}
 F - 2 potions of curing
Comestibles
 d - 23 rations


   Skills:
 * Level 5.1 Fighting
 * Level 6.2 Dodging
 * Level 1.0 Stealth
 * Level 7.2 Shields
 + Level 11.0 Unarmed Combat


You had 9 spell levels left.
You didn't know any spells.
Your spell library contained the following spells:

 Spells                   Type           Power        Failure   Level  Hunger
 Irradiate                Conj/Tmut      #.........   100%        5    ######.
 Hydra Form               Tmut           #.........   100%        6    #######
 Statue Form              Tmut/Erth      #........    100%        6    #######
 Dragon Form              Tmut           #.........   100%        7    #######


Dungeon Overview and Level Annotations

Branches:
Dungeon (8/15)             Temple (1/1) D:7
   Lair: D:8-11

Altars:
Ashenzari
Cheibriados
Dithmenos
Elyvilon
Fedhas
Hepliaklqana
Kikubaaqudgha
Makhleb
Nemelex Xobeh
Okawaru
Qazlal
Sif Muna
Trog
Vehumet
Wu Jian
Xom
Yredelemnul
Zin
The Shining One

Shops:
D:5 }


Innate Abilities, Weirdness & Mutations

You are too large for most types of armour.
You have claws for hands.
Your metabolism is lightning-fast.
You like to eat raw meat.
Your natural rate of healing is unusually fast.
You are covered in fur. (AC +1)
You have very tough skin. (AC +2)


Message History

The seven-headed hydra misses you.
There is a white marble altar of Elyvilon here.
The seven-headed hydra bites you!
The seven-headed hydra closely misses you.
The seven-headed hydra bites you!
The seven-headed hydra barely misses you.
The seven-headed hydra bites you!
* * * LOW HITPOINT WARNING * * *
The seven-headed hydra barely misses you.
The seven-headed hydra closely misses you.
The seven-headed hydra closely misses you.
The seven-headed hydra bites you!
* * * LOW HITPOINT WARNING * * *
The seven-headed hydra closely misses you.
The seven-headed hydra bites you!
* * * LOW HITPOINT WARNING * * *
The seven-headed hydra completely misses you.
The seven-headed hydra closely misses you.
The seven-headed hydra bites you!
You die...

#.##._..⌠....#
#.##.........####
#.###...........# #.#
#..._...)...#
#.###.#.........#
#...............#
#########.......#
############ #....[D.#
#..........#
#......@#####..........#
#...........#..........#
#.......###.#..........#
#.###..## #.#..........#
#.# ##.# #.#..........#
##.## #.# #..#...######(
###
#...###(#####.(...######.
..#
#.......(..###......#....
..#
#..........###...........


You could see a seven-headed hydra.

Vanquished Creatures
  Pikel (D:5)
  Maurice (D:8)
  Joseph (D:8)
  Grinder (D:4)
  2 dream sheep (D:8)
  2 yaks (D:8)
  Sigmund (D:5)
  Eustachio (D:6)
  A hungry ghost (D:8)
  Edmund (D:6)
  2 orc warriors
  A water moccasin (D:8)
  A black bear (D:8)
  2 sky beasts (D:7)
  An ice beast (D:5)
  4 ogres
  2 centaurs
  3 big kobolds (D:8)
  A scorpion (D:5)
  11 killer bees (D:8)
  12 wights
  2 electric eels (D:7)
  A howler monkey (D:4)
  2 bullfrog zombies
  3 crimson imps
  3 jellies
  4 hounds
  A bullfrog skeleton (D:5)
  6 orc priests
  10 orc wizards
  Crazy Yiuf (D:6)
  4 iguanas
  5 worker ants
  Natasha (thrice) (D:3)
  2 hound skeletons
  3 gnolls (D:4)
  9 adders
  A shadow imp (D:5)
  An ooze (D:6)
  An adder skeleton (D:4)
  2 worms
  3 leopard geckos
  19 orcs
  A ball python (D:5)
  5 giant cockroaches
  5 goblins
  6 hobgoblins
  8 jackals
  2 quokkas
  7 bats
  6 frilled lizards
  7 kobolds
  A leopard gecko skeleton (D:4)
  6 rats
192 creatures vanquished.

Vanquished Creatures (others)
  A human (D:6)
  A plant (D:8)
2 creatures vanquished.

Grand Total: 194 creatures vanquished

Notes
Turn   | Place    | Note
-------+----------+-------------------------------------------
     0 | D:1      | NochnoyZador the Troll Fighter began the quest for the Orb.
     0 | D:1      | Reached XP level 1. HP: 22/22 MP: 0/0
   158 | D:1      | Reached XP level 2. HP: 29/29 MP: 1/1
   208 | D:1      | Reached skill level 3 in Unarmed Combat
   737 | D:2      | Found a burning altar of Makhleb.
   927 | D:2      | Reached XP level 3. HP: 32/36 MP: 2/2
  1344 | D:3      | Reached skill level 4 in Unarmed Combat
  1350 | D:3      | Found a stormy altar of Qazlal.
  1366 | D:3      | Noticed Natasha
  1372 | D:3      | Killed Natasha
  1372 | D:3      | Reached XP level 4. HP: 35/44 MP: 3/3
  1395 | D:3      | Noticed Natasha
  1400 | D:3      | Killed Natasha
  1434 | D:3      | Noticed Natasha
  1446 | D:3      | Killed Natasha
  1446 | D:3      | Reached skill level 5 in Unarmed Combat
  1486 | D:3      | Reached XP level 5. HP: 49/50 MP: 4/4
  1716 | D:4      | Reached skill level 6 in Unarmed Combat
  2160 | D:4      | Noticed Grinder
  2160 | D:4      | Paralysed by Grinder for 3 turns
  2165 | D:4      | Paralysed by Grinder for 6 turns
  2175 | D:4      | Killed Grinder
  2175 | D:4      | Reached skill level 7 in Unarmed Combat
  2175 | D:4      | Reached XP level 6. HP: 31/59 MP: 5/5
  2442 | D:4      | Reached XP level 7. HP: 60/66 MP: 6/6
  2577 | D:5      | Entered Level 5 of the Dungeon
  2587 | D:5      | Noticed Sigmund
  2598 | D:5      | Killed Sigmund
  2618 | D:5      | Reached skill level 8 in Unarmed Combat
  2709 | D:5      | Reached XP level 8. HP: 62/75 MP: 7/7
  2939 | D:5      | Noticed Pikel
  2959 | D:5      | Killed Pikel
  2959 | D:5      | Reached skill level 9 in Unarmed Combat
  3101 | D:5      | Found Fucifedd's Gadget Boutique.
  3623 | D:6      | Noticed Edmund
  3635 | D:6      | Killed Edmund
  3635 | D:6      | Reached skill level 5 in Shields
  3635 | D:6      | Reached XP level 9. HP: 71/84 MP: 8/8
  3747 | D:6      | Noticed Eustachio
  3763 | D:6      | Killed Eustachio
  4060 | D:6      | Found an ancient bone altar of Kikubaaqudgha.
  4198 | D:6      | Found a runed door.
  4202 | D:6      | Noticed Crazy Yiuf
  4206 | D:6      | Killed Crazy Yiuf
  4294 | D:6      | Reached skill level 5 in Dodging
  4357 | D:7      | Reached skill level 10 in Unarmed Combat
  4899 | D:7      | Found a staircase to the Ecumenical Temple.
  4901 | D:7      | Found a bloodstained altar of Trog.
  4931 | Temple   | Entered the Ecumenical Temple
  4994 | Temple   | Became a worshipper of Dithmenos the Shadowed
  5021 | D:7      | Found a snail-covered altar of Cheibriados.
  5110 | D:7      | Found a bloodstained altar of Trog.
  5725 | D:8      | Noticed Maurice
  5741 | D:8      | Killed Maurice
  5741 | D:8      | Reached XP level 10. HP: 89/94 MP: 9/9
  5925 | D:8      | Noticed Joseph
  5928 | D:8      | Found an ancient bone altar of Kikubaaqudgha.
  5934 | D:8      | Killed Joseph
  6107 | D:8      | Reached * piety under Dithmenos
  6125 | D:8      | Reached skill level 5 in Fighting
  6289 | D:8      | Noticed a two-headed hydra
  6326 | D:8      | Reached skill level 1 in Stealth
  6326 | D:8      | Reached skill level 11 in Unarmed Combat
  6440 | D:8      | Found a glowing golden altar of the Shining One.
  6445 | D:8      | Found a white marble altar of Elyvilon.
  6912 | D:8      | HP: 1/96 [seven-headed hydra (16)]
  6912 | D:8      | Mangled by a seven-headed hydra

Skill      XL: |  1  2  3  4  5  6  7  8  9 10 |
---------------+-------------------------------+-----
Unarmed Combat | 3 4 5 7 8 9 10 11 | 11.0
Shields        | 3 5 6 7 |  7.2
Dodging        | 3 4 5 6 |  6.2
Fighting       | 3 4 5 |  5.1
Stealth        | 1 |  1.0

Action                   |  1- 3 |  4- 6 |  7- 9 | 10-12 || total
-------------------------+-------+-------+-------+-------++-------
Melee: Unarmed           |    97 |    81 |   333 |   134 ||   645
       Quarterstaff      |       |       |       |     3 ||     3
Throw: Large rock        |       |       |       |     3 ||     3
  Use: Scroll            |       |     4 |     6 |     1 ||    11
  Eat: Chunk             |    18 |    10 |    23 |    17 ||    68
Armor: Robe              |    31 |     9 |    30 |    18 ||    88
Dodge: Dodged            |    30 |    17 |    71 |   131 ||   249
Block: Shield            |    43 |    36 |   188 |   144 ||   411
